 Dungeon Crawl Stone Soup version 0.21-a0-351-g38363bb (webtiles) character file.

102 4thArraOfDagon the Skirmisher (level 4, 0/73 HPs)
             Began as an Ogre Enchanter on Oct 9, 2017.
             Was an Initiate of the Shining One.
             Succumbed to a worker ant's poison
             ... on level 5 of the Dungeon.
             The game lasted 00:04:00 (861 turns).

4thArraOfDagon the Skirmisher (Ogre Enchanter)       Turns: 861, Time: 00:04:01

Health: 0/73       AC: 22    Str: 17    XL:     4   Next: 77%
Magic:  7/7        EV:  1    Int: 19    God:    the Shining One [......]
Gold:   92         SH:  0    Dex:  9    Spells: 4/7 levels left

rFire    . . .     SeeInvis .   f - +0 club
rCold    . . .     Gourm    .   (no shield)
rNeg     + + +     Faith    .   (armour currently unavailable)
rPois    +         Spirit   .   (helmet currently unavailable)
rElec    .         Reflect  .   (cloak currently unavailable)
rCorr    .         Harm     .   (gloves unavailable)
MR       .....     NoTele   +   (boots unavailable)
Stlth    +.........             (no amulet)
HPRegen  0.22/turn              (no ring)
MPRegen  0.10/turn              (no ring)

@: mighty, lethally poisoned (0 -> -1), tree-form, glowing
A: unfitting armour, clever 1, robust 1
a: Renounce Religion


You were on level 5 of the Dungeon.
You worshipped the Shining One.
The Shining One was noncommittal.
You were not hungry.
You were a tree.
You visited 1 branch of the dungeon, and saw 5 of its levels.

You collected 92 gold pieces.

Inventory:

Hand Weapons
 a - a +1 dagger
 f - a +0 club (weapon)
 h - a +0 vampiric whip
Armour
 b - a +1 robe (melded)
Wands
 r - a wand of lightning (3/15)
Scrolls
 d - 2 scrolls of amnesia
 j - a scroll of random uselessness
 k - a scroll of immolation
 l - a scroll of noise {unknown}
 o - a scroll of recharging {unknown}
Potions
 g - a potion of lignification
Books
 c - a book of Maledictions

   Spells                             Type                      Level
   a - Corona                         Hexes                        1
   b - Ensorcelled Hibernation        Hexes/Ice                    2
   c - Confuse                        Hexes                        3
   d - Tukima's Dance                 Hexes                        3
   e - Dazzling Spray                 Conjuration/Hexes            3
Comestibles
 m - a meat ration
 n - 2 bread rations
 q - a chunk of flesh


   Skills:
 + Level 3.2 Fighting
 - Level 0.8 Short Blades
 * Level 3.0 Maces & Flails
 - Level 1.7 Dodging
 - Level 2.1 Stealth
 - Level 2.4 Spellcasting
 - Level 2.6 Hexes


You had 4 spell levels left.
You knew the following spells:

 Your Spells              Type           Power        Failure   Level  Hunger
a - Corona                Hex            ##.....      5%          1    #......
b - Ensorcelled Hibernat  Hex/Ice        #.....       14%         2    ##.....


Dungeon Overview and Level Annotations

Branches:
Dungeon (5/15)
 Temple: D:4-7

Altars:
Vehumet
The Shining One


Innate Abilities, Weirdness & Mutations

You are too large for most types of armour.
((You have tough skin. (AC +1)))
((You can translocate small distances at will.))
Your mind is acute. (Int +2)
You are robust. (+10% HP)


Message History

The crimson imp is severely wounded.
* * * LOW HITPOINT WARNING * * *
You feel sick.
The crimson imp blinks!
Unknown command.
Unknown command.
Unknown command.
You barely miss the kobold zombie.
The crimson imp blinks!
The kobold zombie hits you but does no damage.
Unknown command.
Unknown command.
You sock the kobold zombie!
You destroy the kobold zombie!
The Shining One accepts your kill.
Unknown command.
Unknown command.
You thump the orc skeleton!
You destroy the orc skeleton!
The Shining One accepts your kill.
Your Maces & Flails skill increases to level 3!
You die...

## #.# . # #..
....#..##########
#..............#
#.....5........#####.
.....###.♣###.........
#.. #..#†##.....#####
#...#...Z..#....#
#...#...........#
......._..'....#
#..........#....#
#...##......#5Z.#
##..#.#.+#..#.Z.#
#..#....####..##


You could see a crimson imp and an orc zombie.

Vanquished Creatures
  A bullfrog skeleton (D:4)
  A worker ant (D:5)
  2 oozes
  A dart slug (D:3)
  3 leopard geckos
  5 orcs
  2 giant cockroaches
  A goblin (D:1)
  2 hobgoblins (D:1)
  2 quokkas (D:4)
  3 bats (D:1)
  3 frilled lizards
  A goblin zombie (D:5)
  2 hobgoblin zombies (D:5)
  A jackal skeleton (D:4)
  A kobold zombie (D:5)
  An orc skeleton (D:5)
  5 rats (D:1)
37 creatures vanquished.

Notes
Turn   | Place    | Note
-------+----------+-------------------------------------------
     0 | D:1      | 4thArraOfDagon the Ogre Enchanter began the quest for the Orb.
     0 | D:1      | Reached XP level 1. HP: 16/16 MP: 3/3
    54 | D:1      | Reached skill level 1 in Fighting
   176 | D:1      | Reached skill level 1 in Maces & Flails
   176 | D:1      | Reached XP level 2. HP: 24/27 MP: 5/5
   321 | D:1      | Learned a level 2 spell: Ensorcelled Hibernation
   448 | D:3      | Reached XP level 3. HP: 27/35 MP: 4/6
   641 | D:4      | Reached XP level 4. HP: 38/44 MP: 7/7
   760 | D:5      | Entered Level 5 of the Dungeon
   785 | D:5      | Found a radiant altar of Vehumet.
   814 | D:5      | Found a glowing golden altar of the Shining One.
   843 | D:5      | Became a worshipper of the Shining One
   850 | D:5      | Gained mutation: You can translocate small distances at will. [potion of mutation]
   850 | D:5      | Gained mutation: Your mind is acute. (Int +2) [potion of mutation]
   850 | D:5      | Gained mutation: You are robust. (+10% HP) [potion of mutation]
   852 | D:5      | HP: 1/72 [worker ant (4)]
   853 | D:5      | :(
   854 | D:5      | The Shining One protects you from harm!
   858 | D:5      | HP: 1/73 [poisoned by a worker ant]
   861 | D:5      | Succumbed to a worker ant's poison

Vault maps used:
D:1:      scummos_arrival_star
D:3:      serial_bayou_ford_a, led_sif_book
D:4:      first_bread
D:5:      cheibrodos_helix_gallery, gammafunk_temple_overflow_arena,
          vehumet_crystals, lemuel_round_altar, nicolae_tso_besieged_by_evil

Skill      XL: |  1  2  3  4 |
---------------+-------------+-----
Fighting       | 1 2 3 |  3.2
Maces & Flails | 1 2 3 |  3.0
Short Blades   | |  0.8
Dodging        | |  1.7
Stealth        | |  2.1
Spellcasting   | |  2.4
Hexes          | |  2.6

Action                   |  1- 3 |  4- 6 || total
-------------------------+-------+-------++-------
Melee: Whip              |   118 |    25 ||   143
       Dagger            |     8 |       ||     8
       Club              |       |     9 ||     9
 Cast: Corona            |     2 |       ||     2
Evoke: Wand              |       |     1 ||     1
  Use: Scroll            |     6 |     1 ||     7
       Potion            |       |     4 ||     4
 Stab: Sleeping          |     1 |       ||     1
  Eat: Bread ration      |     1 |       ||     1
Armor: Robe              |    46 |    20 ||    66
       Skin              |       |     7 ||     7
Dodge: Dodged            |    84 |    23 ||   107

Table legend:
 A = Spawn XP
 B = Non-spawn XP
 C = Spawn XP percentage of total XP
 D = Spawn monster count
 E = Non-spawn monster count
 F = Spawn count percentage of total count
 G = Total turns spent on level
                    A         B        C        D         E        F      G
               +---------+---------+-------+---------+---------+-------+---------
         Total |       0 |     146 |   0.0 |       0 |      37 |   0.0 |   861
               +---------+---------+-------+---------+---------+-------+---------
           D:1 |       0 |      26 |   0.0 |       0 |      14 |   0.0 |   348
           D:3 |       0 |      15 |   0.0 |       0 |       5 |   0.0 |   105
           D:4 |       0 |      63 |   0.0 |       0 |      10 |   0.0 |   247
           D:5 |       0 |      42 |   0.0 |       0 |       8 |   0.0 |   101
               +---------+---------+-------+---------+---------+-------+---------
